 Dungeon Crawl Stone Soup version 0.31.0-32-g396128a36d (webtiles) character file.

Game seed: 11562635184367152133

357 safid the Ruffian (level 6, 0/48 HPs)
             Began as a Draconian Shapeshifter on Mar 15, 2024.
             Was an Initiate of Okawaru.
             Incinerated by a bombardier beetle (5 damage)
             ... with a burning spray
             ... on level 5 of the Dungeon.
             The game lasted 00:08:27 (3474 turns).

safid the Ruffian (Draconian Shapeshifter)          Turns: 3474, Time: 00:08:28

Health: 0/48       AC:  6    Str: 18    XL:     6   Next: 36%
Magic:  6/6        EV: 12    Int: 11    God:    Okawaru [......]
Gold:   171        SH:  0    Dex: 10    Spells: 5/5 levels left

rFire   . .          .
                       - Unarmed
rCold   . . .        (no shield)
rNeg    . . .        (body armour unavailable)
rPois   .            (helmet currently unavailable)
rElec   .            (cloak currently unavailable)
rCorr   .            (gloves currently unavailable)
SInv    .            (boots currently unavailable)
Will    .....        (no amulet)
Stlth   +            (no ring)
HPRegen 0.28/turn    (no ring)
MPRegen 0.10/turn

%: no passive effects
@: on fire, beast-form, glowing
A: beast (slay +2), AC +6, unfitting armour, cold-blooded
a: Begin Untransformation, Renounce Religion


You were on level 5 of the Dungeon.
You worshipped Okawaru.
Okawaru was noncommittal.
You were a hulking beast.
You visited 2 branches of the dungeon, and saw 6 of its levels.

You collected 171 gold pieces.

Inventory:

Jewellery
 p - an amulet of guardian spirit
Talismans
 b - a beast talisman
 c - a flux talisman
Scrolls
 d - a scroll of brand weapon {unknown}
 e - a scroll of amnesia {unknown}
 g - 2 scrolls of summoning {unknown}
 h - 6 scrolls of teleportation {unknown}
 k - a scroll of vulnerability {unknown}
 l - a scroll of enchant weapon {unknown}
 m - 2 scrolls of enchant armour {unknown}
 n - 2 scrolls of identify {unknown}
 r - a scroll of blinking {unknown}
Potions
 a - 2 potions of curing
 f - a potion of degeneration {unknown}
 i - a potion of brilliance {unknown}
 j - 2 potions of heal wounds {unknown}
 o - 2 potions of enlightenment {unknown}
 q - a potion of mutation {unknown}
 s - 2 potions of attraction {unknown}
 t - a potion of haste {unknown}


   Skills:
 + Level 1.8 Fighting
 - Level 2.0 Dodging
 + Level 5.5 Unarmed Combat
 * Level 4.9 Shapeshifting


You had 5 spell levels left.
You didn't know any spells.
Your spell library contained the following spells:

 Spells                   Type           Power      Damage    Failure   Level
 Scorch                   Fire           0%         2d5       47%         2
 Flame Wave               Conj/Fire      0%         2d4       98%         4
 Summon Ice Beast         Ice/Summ       Unusable   N/A       N/A         3
 Summon Mana Viper        Hex/Summ       Unusable   N/A       N/A         5
 Summon Cactus Giant      Summ           Unusable   N/A       N/A         6
 Monstrous Menagerie      Summ           Unusable   N/A       N/A         7

Dungeon Overview and Level Annotations

Branches:
Dungeon (5/15)             Temple (1/1) D:4

Altars:
Ashenzari
Cheibriados
Elyvilon
Fedhas
Gozag
Kikubaaqudgha
Makhleb
Okawaru
Ru
Trog
Vehumet
Xom
Yredelemnul
Zin
The Shining One

Annotations:
D:4 2 runed translucent doors, rozman's ghost, amateur GrEE


Innate Abilities, Weirdness & Mutations

You are a hulking beast.
Your limbs bulge with bestial killing power. (Slay +2)
Your plain brown scales are hard. (AC +6)
You cannot fit into any form of body armour.
You are cold-blooded and may be slowed by cold attacks.


Message History

The bombardier beetle is moderately wounded.
The liquid fire burns you!
* * * LOW HITPOINT WARNING * * *
The bombardier beetle sprays incendiary fluid at you.
The burning spray hits you.
You are even more covered in liquid fire!
You hit the bombardier beetle.
The bombardier beetle is heavily wounded.
The liquid fire burns you!
* * * LOW HITPOINT WARNING * * *
Unknown command.
You barely miss the bombardier beetle.
You tail-slap the bombardier beetle, but do no damage.
The bombardier beetle is heavily wounded.
The liquid fire burns you!
* * * LOW HITPOINT WARNING * * *
The bombardier beetle sprays incendiary fluid at you.
The burning spray hits you.
You are even more covered in liquid fire!
You hit the bombardier beetle.
The bombardier beetle is heavily wounded.
The liquid fire burns you!
* * * LOW HITPOINT WARNING * * *
Unknown command.
You hit the bombardier beetle.
The bombardier beetle is almost dead.
The liquid fire burns you!
* * * LOW HITPOINT WARNING * * *
The bombardier beetle bites you but does no damage.
Unknown command.
You feel better. The liquid fire burns you!
* * * LOW HITPOINT WARNING * * *
The bombardier beetle barely misses you.
Unknown command.
You punch the bombardier beetle!
You kill the bombardier beetle!
Okawaru accepts your kill. The liquid fire burns you!
You die...

.. .......#.#
.......#.#
!......#.#
.......#.#
.......#.#
.......#.######
......††......#
...##h.####.#
........## #.#
.....########.#
.### #......#.#
#.####.#.#
#.#..#.#.#
#.#..#.#.#
#.#..#.#.#
#.#<.#.#.#


There were no monsters in sight!

Vanquished Creatures
  An ogre (D:4)
  2 bombardier beetles
  A jelly (D:5)
  2 iguanas
  6 adders
  4 ribbon worms
  4 orcs
  4 bats
  8 endoplasms
  5 giant cockroaches
  5 goblins
  10 hobgoblins
  4 jackals (D:2)
  7 kobolds
  9 quokkas
  6 ball pythons
  4 frilled lizards
  8 rats
90 creatures vanquished.

Notes
Turn   | Place    | Note
-------+----------+-------------------------------------------
     0 | D:1      | safid the Draconian Shapeshifter began the quest for the
                  | Orb.
     0 | D:1      | Reached XP level 1. HP: 16/16 MP: 1/1
   180 | D:1      | Reached XP level 2. HP: 20/23 MP: 2/2
   387 | D:1      | HP: 1/34 [poisoned by a goblin]
   668 | D:1      | Reached XP level 3. HP: 28/28 MP: 3/3
  1099 | D:2      | Found a faded altar of an unknown god.
  1432 | D:2      | Found an opulent altar of Gozag.
  1511 | D:2      | Reached XP level 4. HP: 35/35 MP: 4/4
  1938 | D:3      | Reached skill level 4 in Unarmed Combat
  2216 | D:3      | Found an ancient bone altar of Kikubaaqudgha.
  2233 | D:3      | Found a white marble altar of Elyvilon.
  2681 | D:4      | Reached XP level 5. HP: 26/40 MP: 5/5
  2749 | D:4      | Noticed an ogre
  2864 | D:4      | Killed an ogre
  2865 | D:4      | Reached skill level 5 in Unarmed Combat
  3042 | D:4      | Reached XP level 6. HP: 27/48 MP: 6/6
  3183 | D:4      | Found a staircase to the Ecumenical Temple.
  3190 | Temple   | Found a transporter.
  3190 | Temple   | Found a transporter.
  3190 | Temple   | Found a transporter.
  3190 | Temple   | Found a transporter.
  3190 | Temple   | Entered the Ecumenical Temple
  3238 | Temple   | Became a worshipper of Warmaster Okawaru
  3366 | D:4      | Found a large runed translucent door.
  3366 | D:4      | Found a large runed translucent door.
  3366 | D:4      | Noticed rozman's ghost (amateur GrEE)
  3403 | D:5      | Entered Level 5 of the Dungeon
  3472 | D:5      | HP: 1/48 [burnt (3)]
  3474 | D:5      | Incinerated by a bombardier beetle

Illustrated notes

Levels and vault maps discovered:
D:1:      heliophobic_arrival_glass_houses, layout_basic, nrook_mini_vaults
D:2:      layout_basic, basic_altar, shapermc_ecumenical_altar_flowoftime,
          minmay_pentomino_p2
D:3:      minmay_skewed_foursquare, layout_loops_ring,
          mainiacjoe_overflow_surrounded_room, mainiacjoe_overflow_tiny_flanked,
          st_stairs_5
D:4:      layout_rooms, minmay_temple_entry_wispy, ebering_ghost_disaster_area,
          hex_medium
D:5:      layout_basic, st_stairs_6, uniq_blork_the_orc
Temple:   hellmonk_temple_divided_pantheon

Skill      XL: |  1  2  3  4  5 |
---------------+----------------+-----
Shapeshifting  | 4 |  4.9
Dodging        | 2 |  2.0
Unarmed Combat | 4 5 |  5.5
Fighting       | |  1.8

Action                     |  1- 3 |  4- 6 || total
---------------------------+-------+-------++-------
  Melee: Unarmed           |   129 |   127 ||   256
         Tailslap          |    12 |    27 ||    39
         Punch             |     4 |     3 ||     7
    Use: Potion            |     1 |     2 ||     3
   Stab: Sleeping          |       |     1 ||     1
 Armour: Skin              |    62 |    44 ||   106
  Dodge: Dodged            |    71 |    73 ||   144
